 Dungeon Crawl Stone Soup version 0.31-a0-473-g61b50ae490 (webtiles) character file.

Game seed: 16123126017110621442

15494921 Ofeo the Middleweight Champion (level 27, 239/239 HPs)
             Began as a Demonspawn Shapeshifter on Aug 6, 2023.
             Was the Champion of Wu Jian.
             Escaped with the Orb
             ... and 15 runes!
             The game lasted 04:48:25 (101168 turns).

Ofeo the Middleweight Champion (DsSh)             Turns: 101168, Time: 04:48:26

Health: 239/239    AC: 46    Str: 31    XL:     27
Magic:  49/49      EV: 13    Int: 35    God:    Wu Jian [******]
Gold:   15867      SH: 31    Dex: 13    Spells: 19/53 levels left

rFire   + +          +
                       - Unarmed
rCold   + + .        L - +2 tower shield {rC+}
rNeg    + + +        U - +8 orange crystal plate armour {Archmagi, Int+3 Clar}
rPois   ∞            s - +5 helmet of the Teacher {Regen+ SInv Stlth+}
rElec   +            B - +0 cloak "Zygis" {rC- MP+9 Int+9}
rCorr   .            (gloves unavailable)
SInv    +            i - +2 pair of boots {Fly}
Will    ++++.        v - amulet "Irphoi" {Reflect rPois rC++ Dex+4 SH+5} Stlth
                     c - ring of the Countless Realms {rF+++ rC- Will+ Int+4}
HPRegen 1.39/turn    X - ring "Qakh" {Contam Str+6 Int+9 Dex-3 Slay+5}
MPRegen 0.31/turn

%: reflection, clarity, archmagi
@: death-form, flying, studying Necromancy
A: vile attack, torment immunity, no potions, claws 3, thin metallic scales 3,
powered by pain 3, spiny 3, black mark, bedeviling, aura of silence, clumsy 2,
dopey 1, subdued magic 1
0: Orb of Zot
}: 15/15 runes: decaying, slimy, silver, golden, iron, obsidian, icy, bone,
abyssal, demonic, glowing, magical, fiery, dark, gossamer
a: Siphon Essence, Begin Untransformation, Renounce Religion, Wall Jump,
Serpent's Lash, Heavenly Storm


You escaped.
You worshipped Wu Jian.
Wu Jian was exalted by your worship.
You were an undying horror.
You visited 18 branches of the dungeon, and saw 88 of its levels.
You visited Pandemonium 2 times, and saw 16 of its levels.
You visited the Abyss 3 times.
You also visited: Trove, Sewer, Ice Cave and Desolation.

You collected 20318 gold pieces.
You spent 4451 gold pieces at shops.

Inventory:

Missiles
 z - 19 curare-tipped darts
 H - 4 throwing nets
Armour
 i - a +2 pair of boots of flying (worn)
 s - the +5 helmet of the Teacher (worn) {Regen+ SInv Stlth+}
   (You acquired it on level 10 of the Dungeon)

   SInv:      It lets you see invisible.
   Regen:     It increases your rate of health regeneration.
   Stlth:     It makes you more stealthy.
 w - the +3 pair of mountain boots {steadfast, rC+}
   (You found it on level 5 of the Vaults)

   Steadfast: It prevents involuntary movement, except for blinking,
   teleportation, or banishment.
   rC:        It protects you from cold.
 B - the +0 cloak "Zygis" (worn) {rC- MP+9 Int+9}
   (You found it on level 3 of the Spider Nest)

   Int:       It affects your intelligence (+9).
   rC:        It makes you vulnerable to cold.
   MP:        It affects your magic capacity (+9).
 L - a +2 tower shield of cold resistance (worn)
 M - +7 pearl dragon scales
 U - the +8 orange crystal plate armour (worn) {Archmagi, Int+3 Clar}
   (You found it on level 7 of Cocytus)

   Int:       It affects your intelligence (+3).
   Clar:      It protects you from confusion, rage, mesmerisation and fear.
Jewellery
 c - the ring of the Countless Realms (left claw) {rF+++ rC- Will+ Int+4}
   (You took it off an orc sorcerer on level 3 of the Elven Halls)

   [ring of willpower]

   Int:       It affects your intelligence (+4).
   rF:        It renders you almost immune to fire.
   rC:        It makes you vulnerable to cold.
   Will:      It increases your willpower.
 e - the ring of Zonn {rF+ rC+ rN++ EV+5 Str+3}
   (You bought it in a shop on level 1 of the Elven Halls)

   [ring of evasion]

   EV:        It affects your evasion (+5).
   Str:       It affects your strength (+3).
   rF:        It protects you from fire.
   rC:        It protects you from cold.
   rN:        It greatly protects you from negative energy.
 v - the amulet "Irphoi" (around neck) {Reflect rPois rC++ Dex+4 SH+5}
   (You bought it in a shop on level 1 of the Elven Halls)

   [amulet of reflection]

   It reflects blocked missile attacks.
   Dex:       It affects your dexterity (+4).
   rC:        It greatly protects you from cold.
   rPois:     It protects you from poison.
   SH:        It affects your SH (+5).
 C - the ring of Vuylaub {rC++ Str+4 Int-4 Dex+6}
   (You found it on level 7 of Cocytus)

   [ring of dexterity]

   Str:       It affects your strength (+4).
   Int:       It affects your intelligence (-4).
   Dex:       It affects your dexterity (+6).
   rC:        It greatly protects you from cold.
 D - the amulet "Roaze" {Fragile rN+ Regen+ Dex+2 Stlth+}
   (You found it on level 7 of Gehenna)

   [amulet of regeneration]

   Dex:       It affects your dexterity (+2).
   rN:        It protects you from negative energy.
   Regen:     It increases your rate of health regeneration.
   Fragile:   It will be destroyed if unequipped.
   Stlth:     It makes you more stealthy.
 F - the amulet of the Air {Inacc Air Fly rElec RMsl}
   (You found it on level 3 of the Depths)

   [amulet of nothing]

   Inacc:     It reduces the accuracy of your attacks and spells.
   Air:       It enhances your air magic.
   rElec:     It insulates you from electricity.
   Fly:       It grants you flight.
   RMsl:      It protects you from missiles.
 G - the ring "Donip" {rElec rC+ rCorr Stlth+}
   (You found it on level 3 of the Crypt)

   [ring of protection from cold]

   rC:        It protects you from cold.
   rElec:     It insulates you from electricity.
   rCorr:     It protects you from acid and corrosion.
   Stlth:     It makes you more stealthy.
 I - the ring "Beas" {Fly rPois rF+ rC+ Str+2}
   (You bought it in a shop on level 1 of the Orcish Mines)

   [ring of flight]

   Str:       It affects your strength (+2).
   rF:        It protects you from fire.
   rC:        It protects you from cold.
   rPois:     It protects you from poison.
   Fly:       It grants you flight.
 X - the ring "Qakh" (right claw) {Contam Str+6 Int+9 Dex-3 Slay+5}
   (You acquired it on level 4 of the Swamp)

   [ring of strength]

   Str:       It affects your strength (+6).
   Int:       It affects your intelligence (+9).
   Dex:       It affects your dexterity (-3).
   Slay:      It affects your accuracy & damage with ranged weapons and melee
   (+5).
   Contam:    It causes magical contamination when unequipped.
Talismans
 r - a granite talisman
 K - a talisman of death (active)
Wands
 k - a wand of digging (25) {@v1}
 y - a wand of charming (89)
 A - a wand of light (27)
 P - a wand of mindburst (33)
 T - a wand of roots (50)
Scrolls
 a - 5 scrolls of fog
 d - 12 scrolls of blinking {@r4}
 f - 26 scrolls of teleportation {@r3}
 g - 5 scrolls of immolation
 m - a scroll of revelation
 E - 9 scrolls of summoning
 R - 3 scrolls of fear
 S - 11 scrolls of poison
Potions
 b - 13 potions of lignification
 h - 12 potions of heal wounds {@q2}
 j - 7 potions of invisibility
 l - 7 potions of attraction
 n - 10 potions of resistance {@q6}
 o - 3 potions of mutation
 p - 3 potions of might {@q4}
 q - 29 potions of curing {@q1}
 t - 3 potions of haste {@q3}
 u - 6 potions of cancellation
 x - 3 potions of enlightenment
 J - 2 potions of brilliance
 O - 3 potions of magic
 Q - 4 potions of ambrosia
Miscellaneous
 N - a tin of tremorstones (2/2)
 V - a phial of floods
 W - a box of beasts
 Y - a lightning rod (4/4)
 Z - a phantom mirror


   Skills:
 + Level 24.3 Fighting
 - Level 6.8 Throwing
 - Level 14.1 Armour
 - Level 19.3 Dodging
 - Level 12.9 Stealth
 O Level 27 Shields
 O Level 27 Unarmed Combat
 * Level 13.9 Spellcasting
 + Level 17.3 Hexes
 - Level 12.5 Translocations
 - Level 9.2 Transmutations
 - Level 5.0 Air Magic
 - Level 16.1 Evocations
 - Level 21.0 Shapeshifting


You had 19 spell levels left.
You knew the following spells:

 Your Spells              Type           Power      Damage    Failure   Level
a - Vhi's Electric Charg  Tloc/Air       100%       N/A       1%          3
b - Sublimation of Blood  Necr           28%        N/A       34%         2
c - Summon Lightning Spi  Summ/Air       48%        N/A       63%         4
d - Blink                 Tloc           100%       N/A       1%          2
e - Wereblood             Tmut           80%        N/A       1%          2
f - Apportation           Tloc           100%       N/A       1%          1
g - Enfeeble              Hex            64%        N/A       16%         7
h - Tukima's Dance        Hex            100%       N/A       1%          3
i - Dispersal             Tloc           46%        N/A       21%         6
z - Manifold Assault      Tloc           92%        N/A       1%          4

Your spell library contained the following spells:

 Spells                   Type           Power      Damage    Failure   Level
 Slow                     Hex            100%       N/A       0%          1
 Ensorcelled Hibernation  Hex/Ice        100%       N/A       1%          2
 Lesser Beckoning         Tloc           100%       N/A       1%          2
 Confusing Touch          Hex            100%       N/A       1%          3
 Gell's Gravitas          Tloc           92%        N/A       1%          3
 Inner Flame              Hex/Fire       99%        N/A       1%          3
 Portal Projectile        Hex/Tloc       100%       N/A       1%          3
 Summon Guardian Golem    Hex/Summ       99%        N/A       1%          3
 Teleport Other           Tloc           92%        N/A       1%          3
 Cause Fear               Hex            64%        N/A       1%          4
 Passage of Golubria      Tloc           92%        N/A       1%          4
 Sting                    Tmut/Pois      100%       1d8       3%          1
 Passwall                 Tmut/Erth      50%        N/A       4%          2
 Volatile Blastmotes      Fire/Tloc      100%       2d18      4%          3
 Anguish                  Hex/Necr       49%        N/A       6%          4
 Fulminant Prism          Conj/Hex       49%        3d21      6%          4
 Leda's Liquefaction      Hex/Erth       49%        N/A       6%          4
 Silence                  Hex/Air        54%        N/A       6%          5
 Shock                    Conj/Air       100%       1d9       8%          1
 Swiftness                Air            62%        N/A       9%          3
 Poisonous Vapours        Pois/Air       96%        N/A       12%         2
 Static Discharge         Conj/Air       96%        2-6/arc   12%         2
 Cigotuvi's Dreadful Rot  Necr/Pois/Air  82%        N/A       17%         2
 Iskenderun's Mystic Bla  Conj/Tloc      68%        2d14      17%         4
 Metabolic Englaciation   Hex/Ice        49%        N/A       17%         5
 Ignite Poison            Fire/Tmut/Pois 52%        N/A       19%         3
 Foxfire                  Conj/Fire      100%       2x1d9     22%         1
 Kiss of Death            Conj/Necr      100%       2d13      22%         1
 Magic Dart               Conj           100%       1d8       22%         1
 Necrotise                Necr           100%       1d9       22%         1
 Sandblast                Erth           56%        2d13      22%         1
 Summon Small Mammal      Summ           100%       N/A       22%         1
 Airstrike                Air            31%        2d(5-21)  30%         4
 Petrify                  Tmut/Erth      60%        N/A       32%         4
 Searing Ray              Conj           56%        2d6       34%         2
 Mephitic Cloud           Conj/Pois/Air  41%        N/A       34%         3
 Summon Forest            Summ/Tloc      34%        N/A       45%         5
 Call Canine Familiar     Summ           28%        N/A       58%         3
 Frozen Ramparts          Ice            56%        1d9       58%         3
 Hailstorm                Conj/Ice       28%        3d8       58%         3
 Ozocubu's Armour         Ice            28%        N/A       58%         3
 Stone Arrow              Conj/Erth      56%        3d10      58%         3
 Vampiric Draining        Necr           28%        2d8       58%         3
 Irradiate                Conj/Tmut      30%        3d21      69%         5
 Discord                  Hex            64%        N/A       77%         8
 Animate Armour           Summ/Erth      56%        N/A       94%         4
 Animate Dead             Necr           28%        N/A       94%         4
 Dispel Undead            Necr           28%        3d13      94%         4
 Flame Wave               Conj/Fire      28%        2d9       94%         4
 Olgreb's Toxic Radiance  Pois           28%        N/A       94%         4
 Sticky Flame             Conj/Fire      28%        2d5       94%         4
 Summon Ice Beast         Ice/Summ       28%        N/A       94%         4
 Arcjolt                  Conj/Air       24%        1d34      94%         5
 Freezing Cloud           Conj/Ice/Air   20%        6-21      98%         5
 Eringya's Noxious Bog    Tmut/Pois      30%        4d6       99%         6
 Agony                    Necr           28%        N/A       100%        5
 Borgnjor's Vile Clutch   Necr/Erth      14%        N/A       100%        5
 Fireball                 Conj/Fire      14%        3d8       100%        5
 Iskenderun's Battlesphe  Conj           28%        2d8       100%        5
 Lee's Rapid Deconstruct  Erth           14%        3d9*      100%        5
 Conjure Ball Lightning   Conj/Air       24%        3x3d7     100%        6
 Death Channel            Necr           14%        N/A       100%        6
 Leda's Unmaking          Conj/Erth      14%        9d3       100%        6
 Plasma Beam              Fire/Air       24%        2x1d36    100%        6
 Simulacrum               Ice/Necr       14%        N/A       100%        6
 Starburst                Conj/Fire      14%        6d6       100%        6
 Haunt                    Necr/Summ      14%        N/A       100%        7
 Malign Gateway           Summ/Tloc      34%        N/A       100%        7
 Monstrous Menagerie      Summ           14%        N/A       100%        7
 Orb of Destruction       Conj           14%        9d7       100%        7
 Ozocubu's Refrigeration  Ice            14%        4d10      100%        7
 Spellforged Servitor     Conj/Summ      14%        N/A       100%        7
 Summon Hydra             Summ           14%        N/A       100%        7
 Disjunction              Tloc           46%        N/A       100%        8
 Ignition                 Fire           14%        3d6       100%        8
 Infestation              Necr           14%        N/A       100%        8
 Lehudib's Crystal Spear  Conj/Erth      14%        10d5      100%        8
 Maxwell's Capacitive Co  Air            31%        ∞         100%        8
 Summon Horrible Things   Summ           14%        N/A       100%        8
 Chain Lightning          Conj/Air       24%        3d32      100%        9
 Fire Storm               Conj/Fire      14%        8d4       100%        9
 Polar Vortex             Ice            14%        12d1*     100%        9
 Shatter                  Erth           14%        3d14*     100%        9


Dungeon Overview and Level Annotations

Branches:
Dungeon (15/15)            Temple (1/1) D:6            Lair (5/5) D:9
  Swamp (4/4) Lair:2       Spider (4/4) Lair:2        Slime (5/5) Lair:5
    Orc (2/2) D:10            Elf (3/3) Orc:2        Vaults (5/5) D:13
  Crypt (3/3) Vaults:3       Tomb (3/3) Crypt:3      Depths (4/4) D:15
   Hell (visited)             Dis (7/7) Hell            Geh (7/7) Hell
    Coc (7/7) Hell            Tar (7/7) Hell            Zot (5/5) Depths:4
  Sewer (visited)           IceCv (visited)         Desolation (visited)

Altars:
Ashenzari
Cheibriados
Dithmenos
Fedhas
Gozag
Hepliaklqana
Kikubaaqudgha
Makhleb
Nemelex Xobeh
Okawaru
Qazlal
Ru
Sif Muna
Trog
Uskayaw
Vehumet
Wu Jian
Xom
Yredelemnul

Shops:
D:4 (   D:8 *   D:14 :   Orc:1 ?=*(   Orc:2 (*=[   Elf:1 =?   Elf:3 *
Vaults:1 (

Portals:
Hell: Depths:1 Depths:2 Depths:3 Depths:4
Abyss: Depths:2 Depths:3 Depths:4
Pandemonium: Depths:1 Depths:2
Ziggurat: Depths:2

Annotations:
Lair:5 2 transporters, Zonian's ghost, journeyman OpSh
Vaults:2 Mennas
Depths:2 exclusion: downstairs


Innate Abilities, Weirdness & Mutations

You are an undying horror.
Your melee and unarmed attacks drain, slow and weaken victims.
You are immune to unholy pain and torment.
You cannot drink.
You are immune to poison.
You have claws for hands.
You are completely covered in thin metallic scales. (AC +4, rElec)
You are powered by pain.
You are completely covered in sharp spines.
Your melee attacks may debilitate your foes.
Your hexes are more powerful.
You are surrounded by an aura of silence.
You are very clumsy. (Dex -4)
You are dopey. (Int -2)
Your spells are a little easier to cast, but a little less powerful.


Message History

The rust devil is heavily wounded.
You eviscerate the rust devil!!!!
You kill the rust devil!
The Council accepts your kill. Nafup gestures at you.
You block iron shot... and reflect it back!
The iron shot hits Nafup!!
Nafup gestures at you. The iron shot misses you.
Nafup is struck by your spines. Nafup hits you but does no damage.
You mangle Nafup!!
Nafup decays.
Nafup is heavily wounded.
You eviscerate Nafup!!!!
Nafup decays.
Nafup is almost dead.
You eviscerate Nafup!!!
You kill Nafup!
The Council accepts your kill.
The hellwing disappears in a puff of smoke!
(D) Dungeon (T) Temple (L) Lair (S) Swamp (N) Spider Nest (M) Slime Pits (O) Orcish Mines (E) Elven Halls (V) Vaults (C) Crypt (W) Tomb (U) Depths (H) Hell (I) Dis (G) Gehenna (X) Cocytus (Y) Tartarus (Z) Zot
Where to? (Enter - D:1, ? - help)
There is a stone staircase leading up here.
You fly upwards.
There is a stone staircase leading down here.
There is a large open door here.
An Orb Guardian comes into view.
There is a large open door here.
You lunge at the Orb Guardian, in a flurry of attacks.
You miss the Orb Guardian. You eviscerate the Orb Guardian!!!!
You kill the Orb Guardian!
The Council accepts your kill.
There is a large open door here.
There is a large open door here.
There is a large open door here.
There is an open door here.
There is a staircase leading out of the dungeon here.
You have escaped!

.......†...##.##...)........# #..
.......#...##.......###.....# ##.
.##....#.).#........# #.....# #)
.##........#.###....###.....####.
................................>
....................####....#.##.
≈≈≈≈≈#####≈≈≈≈≈≈≈≈≈.........#.##.
####≈#~♣~#≈#######≈.#.###.###.##.
..8####8####8...z#≈.#.###.###.##.
...'.......'.....#≈.#..##.....##.
..8##8#'#8##8...8#≈....######.##.
'######'######'###≈....######.##+
.##♣♣.....♣♣##.#~#≈..............
.#♣~.......~♣#.8♣♣≈..............
.8#.........#8.#~#≈..............
.##...~♣~...##.###≈....#.###.....
.''...♣8♣...''..''.....#.# #.....


There were no monsters in sight!

Vanquished Creatures
  Cerebov (Pan)
  Antaeus (Coc:7)
  Asmodeus (Geh:7)
  the Royal Jelly (Slime:5)
  Ignacio (Pan)
  Ereshkigal (Tar:7)
  Gloorx Vloq (Pan)
  Mnoleg (Pan)
  the Serpent of Hell (Dis:7)
  A seraph (Pan)
  Lom Lobon (Pan)
  Dispater (Dis:7)
  9 dread liches
  7 ancient liches
  3 orbs of fire (Zot:5)
  Khufu (Crypt:3)
  4 juggernauts
  Sojobo (Crypt:1)
  31 royal mummies
  9 shard shrikes
  10 pandemonium lords
  Frederick (Vaults:2)
  7 Killer Klowns (Zot:5)
  6 curse toes
  Xtahua (Vaults:2)
  Margery (Vaults:2)
  Saint Roka (Orc:2)
  The ghost of Xavori the Spry, a veteran DjCK of Xom (Vaults:4)
  45 caustic shrikes
  13 golden dragons
  Geryon (Hell)
  26 profane servitors
  Norris (Vaults:3)
  2 pearl dragons (Pan)
  11 bone dragons
  18 Tzitzimimeh
  9 doom hounds
  19 Brimstone Fiends
  A spectral shard shrike (Tar:6)
  20 tentacled monstrosities
  A walking crystal tome (Depths:2)
  4 electric golems
  6 iron giants
  16 Hell Sentinels
  9 hellephants
  Jorgrun (Elf:2)
  24 tainted leviathans
  29 Orb Guardians
  16 Ice Fiends
  15 liches
  10 titans
  26 searing wretches
  2 quicksilver dragons
  3 deep elf master archers (Elf:3)
  2 deep elf blademasters (Elf:3)
  14 acid blobs
  30 ancient champions
  15 Executioners (Pan)
  5 thorn hunters
  16 sphinxes
  6 tengu reavers
  5 tentacled starspawn
  Donald (Elf:2)
  8 death cobs
  3 demonspawn warmongers (Pan)
  Kirke (D:13)
  7 shadow dragons
  3 draconian monks
  6 revenants
  22 fire giants
  11 storm dragons
  4 narguns
  6 iron dragons
  17 vault wardens
  9 azure jellies
  9 rockslimes (Slime:5)
  2 draconian knights
  11 quicksilver elementals
  6 deep elf sorcerers
  18 daevas (Pan)
  45 angels (Pan)
  8 frost giants
  38 balrugs
  3 draconian scorchers
  8 emperor scorpions
  A spectral juggernaut (Tar:6)
  An imperial myrmidon (Desolation)
  2 curse skulls (Pan)
  7 deep elf elementalists (Elf:3)
  15 ghost moths
  4 spectral caustic shrikes
  12 cacodemons
  20 ironbound preservers
  3 draconian stormcallers
  5 shard shrike simulacra
  2 orc warlords
  19 reapers
  8 demonspawn corrupters (Pan)
  5 ghouls
  6 draconian shifters
  A caustic shrike zombie (Crypt:3)
  5 demonspawn blood saints (Pan)
  A caustic shrike skeleton (Abyss:2)
  3 draconian annihilators
  12 stone giants
  29 war gargoyles
  3 broodmothers
  3 spriggan defenders
  2 formless jellyfish
  31 very ugly things
  4 black draconians
  13 ironbound thunderhulks
  15 quicksilver oozes
  6 demonspawn black suns (Pan)
  6 eleionomae
  14 green draconians
  10 lorocyprocas
  10 red draconians
  14 vampire knights
  A dire elephant (shapeshifter) (Vaults:5)
  4 halazid warlocks (Desolation)
  35 apis (Pan)
  23 putrid mouths
  8 wendigos
  22 ophanim (Pan)
  Nessos (D:14)
  An eleionoma (shapeshifter) (Depths:2)
  A bunyip (shapeshifter) (Vaults:1)
  5 deep elf demonologists
  21 elemental wellsprings
  12 purple draconians
  8 spark wasps
  14 bennus
  5 dire elephants
  6 yellow draconians
  7 white draconians
  2 bunyips
  10 blizzard demons
  13 deep elf annihilators
  A quicksilver dragon zombie (Crypt:2)
  18 iron golems
  9 eidola
  5 fire dragons
  10 green deaths
  30 mummy priests
  14 ettins
  4 spectral spriggans
  A spectral iron giant (Tar:4)
  2 spectral krakens (Tar:7)
  42 slime creatures
  2 crystal guardians
  22 jiangshi
  A spriggan zombie (Hell)
  7 deep elf death magi
  10 deep elf high priests
  3 ragged hierophants (Desolation)
  A quicksilver dragon skeleton (Tomb:1)
  A spectral fenstrider witch (Crypt:3)
  8 rakshasas
  A kraken zombie (Hell)
  12 great orbs of eyes
  15 yaktaur captains
  8 ice dragons
  5 servants of whispers (Desolation)
  4 shambling mangroves
  Harold (Lair:1)
  30 vault guards
  5 hell beasts
  26 hydras
  4 radroaches
  A fenstrider witch zombie (Tomb:1)
  5 entropy weavers
  4 spriggan air magi
  A catoblepas (Lair:5)
  6 death knights
  A two-headed ogre (shapeshifter) (Vaults:5)
  6 juggernaut simulacra
  10 caustic shrike simulacra
  6 centaur warriors
  6 two-headed ogres
  7 boulder beetles
  10 peacekeepers
  10 ironbound frosthearts
  11 salamander tyrants
  4 spriggan skeletons
  An anaconda (shapeshifter) (Vaults:5)
  An ogre mage (D:13)
  5 jorogumos
  A merfolk avatar (Abyss:2)
  28 dancing weapons
  A merfolk aquamancer (Abyss:2)
  8 alligators
  4 stokers
  6 deep troll shamans
  10 death yaks
  A titan zombie (Tomb:3)
  8 tengu warriors
  42 hell hogs
  3 thrashing horrors
  7 deep troll earth magi
  97 death scarabs
  12 vampire magi
  A spectral dire elephant (Crypt:3)
  An orc high priest (Orc:2)
  23 demonic crawlers
  27 soul eaters
  16 deep elf knights
  A shock serpent (shapeshifter) (Depths:2)
  3 iron trolls
  3 spriggan berserkers
  7 hell knights
  16 spriggans
  A titan skeleton (Hell)
  11 crystal echidnas
  58 sun demons
  2 skysharks (Lair:5)
  9 sixfirhies (Pan)
  5 pharaoh ants
  12 shadow wraiths
  45 skeletal warriors
  3 wretched stars (Abyss:2)
  10 glowing orange brains
  62 deep trolls
  4 goliath frogs
  3 salamander mystics (Depths:2)
  A sun moth (Spider:2)
  3 quicksilver dragon simulacra
  13 orb spiders
  4 bog bodies
  5 shadow demons
  18 cherubim (Pan)
  8 wizards
  2 spriggan druids (Swamp:3)
  11 swamp dragons
  7 spriggan simulacra
  An anaconda zombie (Hell)
  12 deep elf archers
  6 flayed ghosts
  3 bunyip skeletons
  6 orc knights
  A spark wasp zombie (Depths:1)
  29 deep elf zephyrmancers
  8 phantasmal warriors
  3 orange crystal statues
  21 ironbound convokers
  6 steelbarb worms
  12 harpies
  5 kraken simulacra (Coc:4)
  8 necromancers
  26 deep elf pyromancers
  A mana viper (shapeshifter) (Vaults:5)
  A sphinx zombie (Depths:1)
  7 lindwurms
  2 anaconda skeletons
  41 ugly things
  26 wolf spiders
  A frost giant zombie (Crypt:2)
  A mana viper (Abyss:2)
  A cyclops (D:12)
  2 worldbinders
  7 orc sorcerers
  4 shining eyes
  An eleionoma zombie (Crypt:1)
  4 manticores
  A salamander (shapeshifter) (Vaults:5)
  A sphinx skeleton (Crypt:2)
  A stone giant zombie (Tomb:3)
  3 will-o-the-wisps
  2 oklob plants (Swamp:2)
  A centaur zombie (Hell)
  A faun (shapeshifter) (Vaults:5)
  2 shadow dragon skeletons
  21 elephants
  9 salamanders
  A spectral ettin (Tar:2)
  3 guardian serpents (Desolation)
  3 black mambas
  A spectral centaur (Tar:1)
  5 rust devils
  Joseph (Lair:1)
  28 moths of wrath
  9 apocalypse crabs (Zot:4)
  2 ice statues (IceCv)
  22 vault sentinels
  4 eyes of devastation
  4 torpor snails
  6 titan simulacra
  33 smoke demons
  8 molten gargoyles
  An elf skeleton (Vaults:3)
  A torpor snail (shapeshifter) (Vaults:5)
  3 unseen horrors
  7 centaur skeletons
  2 stone giant skeletons
  13 orange demons
  12 spectral swamp worms (Tar:7)
  A naga zombie (Tomb:2)
  5 cane toads
  A naga skeleton (Hell)
  9 efreet
  2 dire elephant skeletons
  2 rime drakes
  28 hellions
  A minotaur zombie (Crypt:2)
  13 freezing wraiths
  A sea snake zombie (Hell)
  4 anaconda simulacra
  A kobold demonologist (D:9)
  3 tengu conjurers
  12 komodo dragons
  A komodo dragon (shapeshifter) (Abyss:2)
  48 yaktaurs
  A harpy zombie (Crypt:2)
  2 spectral nagas
  2 silent spectres
  2 golden dragon simulacra
  51 guardian mummies
  3 ice devils (Depths:2)
  A sea snake skeleton (Crypt:2)
  24 tormentors
  3 hydra zombies (Hell)
  An iron giant simulacrum (Coc:5)
  6 meliai
  A polar bear (Lair:3)
  3 ancient zymes (Abyss:2)
  A queen bee (shapeshifter) (Vaults:1)
  2 spectral harpies
  A merfolk (Abyss:2)
  4 red devils (Pan)
  11 tyrant leeches
  16 hellwings
  26 tarantellas
  A snapping turtle (shapeshifter) (Vaults:5)
  36 saltlings (Desolation)
  4 trolls
  23 hornets
  A deep troll zombie (Vaults:3)
  Grinder (D:3)
  7 raiju
  10 blink frogs
  5 harpy skeletons
  A meliai zombie (Crypt:1)
  3 stone giant simulacra
  2 alligator zombies (Hell)
  A fire giant simulacrum (Vaults:3)
  76 flying skulls
  5 iron dragon simulacra
  A human simulacrum (Vaults:3)
  An ettin skeleton (Pan)
  38 jumping spiders
  17 culicivoras
  Sigmund (D:4)
  A centaur simulacrum (Coc:1)
  24 yaks
  7 shadows
  9 wraiths
  2 air elementals
  9 wyverns
  4 ushabtiu
  14 ynoxinuls
  An alligator snapping turtle simulacrum (Coc:2)
  A naga simulacrum (Coc:5)
  2 fire elementals
  11 water elementals
  2 fire bats (Orc:2)
  4 dire elephant simulacra
  4 basilisks
  14 starcursed masses
  28 large abominations
  A golden eye (Slime:5)
  3 hogs (D:13)
  20 neqoxecs
  41 redbacks
  3 steam dragons
  2 death yak simulacra (IceCv)
  6 vampire mosquitoes
  15 chaos spawn
  14 harpy simulacra
  2 two-headed ogre zombies (Crypt:1)
  A merfolk zombie (Crypt:1)
  7 wargs
  A fire bat zombie (Crypt:1)
  2 hydra simulacra
  A tengu skeleton (Depths:1)
  5 hell hounds (Hell)
  19 swamp worms
  A fire bat skeleton (Crypt:2)
  A meliai simulacrum (D:14)
  14 water moccasins
  An acid dragon (D:13)
  A floating eye (Depths:3)
  8 swamp drakes
  A deep troll skeleton (Crypt:2)
  9 ice beasts
  An alligator simulacrum (Hell)
  A fire dragon simulacrum (Coc:1)
  8 black bears
  24 orc warriors
  2 ettin simulacra
  4 centaurs
  7 ogres
  A torpor snail zombie (Crypt:2)
  13 wolves
  A phantom (D:6)
  2 kobold brigands
  5 bullfrogs
  A komodo dragon zombie (Crypt:1)
  A gnoll sergeant (D:9)
  5 earth elementals
  9 necrophages
  23 small abominations
  4 scorpions
  A glowing shapeshifter simulacrum (Vaults:3)
  13 wights
  11 killer bees
  A raiju skeleton (Crypt:1)
  8 electric eels
  3 howler monkeys
  A lava snake (D:13)
  2 quasits (Abyss:2)
  5 hounds
  5 jellies
  A gnoll bouda (D:8)
  A human zombie (Crypt:1)
  20 orc priests
  5 iguanas
  Jessica (D:3)
  Terence (D:3)
  30 orc wizards
  A wolf simulacrum (IceCv)
  A hound skeleton (Crypt:1)
  48 mummies
  11 gnolls
  5 adders
  A river rat (D:6)
  A swamp drake skeleton (Crypt:1)
  A shadow imp (D:8)
  15 white imps
  3 ufetubi
  A worm (D:2)
  2 dart slugs
  80 orcs
  18 endoplasms
  8 giant cockroaches
  4 goblins
  A hobgoblin (D:2)
  3 quokkas
  4 ball pythons
  6 bats
  A dart slug zombie (Crypt:1)
  2 frilled lizards
  A frilled lizard skeleton (Crypt:2)
  A giant cockroach zombie (Crypt:2)
  17 kobolds
  9 rats
  2 creeping infernos
  3 fire vortices
  A lurking horror (Abyss:3)
  5 starspawn tentacles (Abyss:2)
  11 tentacles
4071 creatures vanquished.

Vanquished Creatures (collateral kills)
  A dancing weapon (Elf:2)
  2 saltlings (Desolation)
3 creatures vanquished.

Vanquished Creatures (others)
  An Executioner (Pan)
  A draconian knight (Zot:4)
  A shard shrike simulacrum (Coc:3)
  A reaper (Pan)
  An elemental wellspring (Coc:7)
  A rakshasa (Pan)
  A caustic shrike simulacrum (Coc:5)
  A soul eater (Abyss:2)
  A deep troll (Vaults:3)
  A quicksilver dragon simulacrum (Coc:3)
  2 deep elf pyromancers (Elf:1)
  An ugly thing (IceCv)
  A titan simulacrum (Coc:3)
  A bloated husk (Swamp:4)
  An iron dragon simulacrum (Coc:3)
  A dire elephant simulacrum (Coc:7)
  A human (D:13)
  A chaos spawn (Pan)
  2 harpy simulacra (Coc:3)
  A hydra simulacrum (Coc:5)
  An orc (D:6)
  A kobold (D:7)
  3 creeping infernos
  12 foxfires
  A starspawn tentacle (Abyss:2)
  19 tentacles
59 creatures vanquished.

Grand Total: 4133 creatures vanquished

Notes
Turn   | Place    | Note
-------+----------+-------------------------------------------
     0 | D:1      | Ofeo the Demonspawn Shapeshifter began the quest for the
                  | Orb.
     0 | D:1      | Reached XP level 1. HP: 15/15 MP: 1/1
   261 | D:1      | Gained mutation: You have sharp fingernails. [demonic
                  | ancestry]
   261 | D:1      | Reached XP level 2. HP: 19/21 MP: 2/2
  1355 | D:2      | Gained mutation: You are partially covered in sharp spines.
                  | [demonic ancestry]
  1355 | D:2      | Reached XP level 3. HP: 26/26 MP: 3/3
  2483 | D:3      | Noticed an ice beast
  2484 | D:3      | Found a faded altar of an unknown god.
  2736 | D:3      | Killed an ice beast
  2737 | D:3      | Gained mutation: You have very sharp fingernails. [demonic
                  | ancestry]
  2737 | D:3      | Reached XP level 4. HP: 6/34 MP: 4/4
  2737 | D:3      | Reached XP level 5. HP: 7/39 MP: 5/5
  2906 | D:3      | Noticed Jessica
  2914 | D:3      | Killed Jessica
  3010 | D:3      | Noticed Grinder
  3020 | D:3      | Killed Grinder
  3021 | D:3      | Reached XP level 6. HP: 24/47 MP: 6/6
  3127 | D:3      | Identified the staff of Cowardice {*Corrode rElec rN+++
                  | Will+ Dex+3 Air}
  3323 | D:3      | Noticed Terence
  3684 | D:3      | Killed Terence
  3685 | D:3      | Reached XP level 7. HP: 49/53 MP: 7/7
  3973 | D:4      | Noticed Sigmund
  3976 | D:4      | Killed Sigmund
  4064 | D:4      | Found Ygguasum's Weapon Emporium.
  4668 | D:5      | Entered Level 5 of the Dungeon
  4902 | D:5      | Reached skill level 5 in Unarmed Combat
  4907 | D:5      | Reached XP level 8. HP: 38/61 MP: 8/8
  5254 | D:6      | Found a blossoming altar of Fedhas.
  5281 | D:6      | Found a glowing drain.
  5287 | D:6      | Reached skill level 5 in Fighting
  5299 | Sewer    | Entered a sewer
  5326 | Sewer    | Reached skill level 5 in Dodging
  5560 | D:6      | Found a burning altar of Makhleb.
  5619 | D:6      | Reached skill level 5 in Shapeshifting
  6633 | D:6      | Identified the +1 short sword of Defiance {venom, +Blink
                  | Fly Dex-5 Stlth+}
  6813 | D:6      | Found a staircase to the Ecumenical Temple.
  6945 | D:6      | Found an iron altar of Okawaru.
  6950 | D:6      | Found a sacrificial altar of Ru.
  6952 | D:6      | Found an ancient bone altar of Kikubaaqudgha.
  6954 | D:6      | Found a shadowy altar of Dithmenos.
  7020 | Temple   | Entered the Ecumenical Temple
  7033 | Temple   | Became a worshipper of the Wu Jian Council
  7107 | D:7      | Gained mutation: You are partially covered in thin metallic
                  | scales. (AC +2) [demonic ancestry]
  7107 | D:7      | Reached XP level 9. HP: 68/69 MP: 9/9
  8373 | D:7      | Found a hide-covered altar of Uskayaw.
  8377 | D:7      | Reached * piety under Wu Jian
  8806 | D:8      | Noticed a two-headed ogre
  8811 | D:8      | Killed a two-headed ogre
  8812 | D:8      | Gained mutation: You have claws for hands. [demonic
                  | ancestry]
  8812 | D:8      | Reached XP level 10. HP: 55/79 MP: 10/10
  9282 | D:8      | Found Ugof's Assorted Antiques.
  9291 | D:8      | Bought a scroll labelled BOH LODOONEOX for 20 gold pieces
  9291 | D:8      | Bought 2 coppery potions for 36 gold pieces
 10081 | D:9      | Noticed a rust devil
 10582 | D:9      | Reached ** piety under Wu Jian
 10872 | D:9      | Found a staircase to the Lair.
 11112 | D:9      | Found a basalt altar of Yredelemnul.
 11736 | D:10     | Entered Level 10 of the Dungeon
 11892 | D:10     | Found a radiant altar of Vehumet.
 11892 | D:10     | Found a broken altar of Ashenzari.
 12160 | D:10     | Noticed a two-headed ogre
 12161 | D:10     | Identified the ring "Orillu" {rPois Str-2 Dex+3 SInv}
 12171 | D:10     | Killed a two-headed ogre
 12172 | D:10     | Gained mutation: You are mostly covered in thin metallic
                  | scales. (AC +3) [demonic ancestry]
 12172 | D:10     | Reached XP level 11. HP: 11/87 MP: 11/11
 12851 | D:10     | Found a staircase to the Orcish Mines.
 12867 | D:10     | Reached *** piety under Wu Jian
 14179 | D:11     | Got the Octavo of Detritus
 14534 | Lair:1   | Entered Level 1 of the Lair of Beasts
 14555 | Lair:1   | Identified the amulet of Rigohih {-Cast rElec Regen+ Dex+7
                  | Stlth+}
 14562 | Lair:1   | Noticed Joseph
 14567 | Lair:1   | Noticed Harold
 14850 | Orc:1    | Entered Level 1 of the Orcish Mines
 14850 | Orc:1    | Noticed an ettin
 14860 | Orc:1    | Killed an ettin
 14862 | Orc:1    | Reached **** piety under Wu Jian
 15118 | Orc:1    | Noticed an orc sorcerer
 15122 | Orc:1    | Noticed an orc sorcerer
 15124 | Orc:1    | Killed an orc sorcerer
 15129 | Orc:1    | Killed an orc sorcerer
 15137 | Orc:1    | Found Fatsipsu's Jewellery Boutique.
 15219 | Orc:1    | Bought the ring "Beas" {Fly rPois rF+ rC+ Str+2} for 656
                  | gold pieces
 15502 | Orc:1    | Found Zeap's Antique Weapon Emporium.
 15574 | Orc:1    | Found Meedgh's Magic Scroll Shop.
 15578 | Orc:1    | Bought a scroll of fog for 64 gold pieces
 15597 | Orc:2    | Entered Level 2 of the Orcish Mines
 15597 | Orc:2    | Noticed an orc sorcerer
 15598 | Orc:2    | Noticed an orc sorcerer
 15603 | Orc:2    | Noticed a sun demon
 15604 | Orc:2    | Noticed an orc knight
 15607 | Orc:2    | Killed an orc sorcerer
 15608 | Orc:2    | Killed an orc sorcerer
 15611 | Orc:2    | Noticed an ettin
 15969 | Orc:2    | Found a staircase to the Elven Halls.
 16016 | Orc:2    | Noticed Saint Roka
 16021 | Orc:2    | HP: 2/90 [Saint Roka/divine providence (14)]
 16025 | Orc:2    | Noticed an orc knight
 16743 | Lair:1   | Reached skill level 10 in Fighting
 16743 | Lair:1   | Reached XP level 12. HP: 25/97 MP: 12/12
 17057 | Lair:1   | Killed Joseph
 17212 | Lair:1   | Killed Harold
 18206 | Lair:1   | Reached skill level 10 in Unarmed Combat
 18420 | Lair:2   | Noticed a five-headed hydra
 18729 | Lair:2   | Killed an 11-headed hydra
 18730 | Lair:2   | Reached skill level 10 in Dodging
 19334 | Lair:2   | Found a hole to the Spider Nest.
 19624 | Lair:2   | Noticed a six-headed hydra
 19630 | Lair:2   | Noticed a four-headed hydra
 19638 | Lair:2   | Killed a nine-headed hydra
 19643 | Lair:2   | Killed a four-headed hydra
 20059 | Lair:2   | Found a staircase to the Swamp.
 20281 | Lair:3   | Noticed a boulder beetle
 20292 | Lair:3   | Killed a boulder beetle
 20419 | Lair:3   | Reached ***** piety under Wu Jian
 20712 | Lair:3   | Reached XP level 13. HP: 14/106 MP: 13/13
 25370 | Lair:5   | Entered Level 5 of the Lair of Beasts
 25456 | Lair:5   | Found a transporter.
 25458 | Lair:5   | Found the +10 Black Knight's barding {ponderous, rPois rN+}
 25459 | Lair:5   | Noticed Zonian's ghost (journeyman OpSh)
 26694 | Lair:5   | Reached skill level 10 in Shapeshifting
 26929 | Lair:5   | Found a transporter.
 27177 | Lair:5   | Found a staircase to the Slime Pits.
 27260 | Lair:5   | Identified a scroll of acquirement
 27260 | Lair:5   | Acquired 1355 gold pieces
 27304 | Lair:5   | Gained mutation: You sometimes gain a little power by
                  | taking damage. [demonic ancestry]
 27304 | Lair:5   | Reached XP level 14. HP: 62/116 MP: 14/14
 29708 | Orc:2    | HP: 5/118 [ettin/+0 dire flail (29)]
 30034 | Orc:2    | Noticed an orc warlord
 30054 | Orc:2    | Killed an orc warlord
 30485 | Orc:2    | Found Unem's Antique Weapon Boutique.
 30734 | Orc:2    | Found Kinemoi's Jewellery Boutique.
 30742 | Orc:2    | Bought the brooch of Shielding {Spirit SH+8} for 780 gold
                  | pieces
 30742 | Orc:2    | Found the brooch of Shielding {Spirit SH+8}
 30760 | Orc:2    | Found Othryiloq's Antique Armour Boutique.
 30778 | Orc:2    | Found Nidix's General Store.
 30786 | Orc:2    | Bought a scroll of acquirement for 728 gold pieces
 30844 | Orc:1    | Found Secwai's General Store.
 30861 | Orc:1    | Bought a scroll of enchant armour for 105 gold pieces
 30952 | D:10     | Acquired the +5 helmet of the Teacher {Regen+ SInv Stlth+}
 31800 | D:12     | Reached skill level 1 in Throwing
 32216 | D:12     | Found a portal to a secret trove of treasure.
 32322 | D:13     | Noticed a fire giant
 32424 | D:13     | Noticed Kirke
 32687 | D:13     | Found a frozen archway.
 32703 | IceCv    | Entered an ice cave
 32706 | IceCv    | Found a transporter.
 32732 | IceCv    | Found a transporter.
 33324 | D:13     | Killed Kirke
 33369 | D:13     | Reached skill level 1 in Evocations
 33411 | D:13     | Found a gate to the Vaults.
 34031 | D:13     | Killed a fire giant
 34139 | D:14     | Noticed Nessos
 34147 | D:14     | Killed Nessos
 34148 | D:14     | Reached XP level 15. HP: 124/125 MP: 13/15
 34364 | D:14     | Found Paitsaly's Book Boutique.
 35088 | D:15     | Entered Level 15 of the Dungeon
 35207 | D:15     | Found a staircase to the Depths.
 35583 | D:15     | Found an iron altar of Okawaru.
 36074 | Swamp:1  | Entered Level 1 of the Swamp
 36219 | Swamp:1  | Reached skill level 5 in Throwing
 36710 | Swamp:1  | Identified the +4 broad axe of Chance {protect, Will+}
 36719 | Swamp:1  | Identified the +1 leather armour of the Tick {+Blink rC+}
 37243 | Swamp:2  | Reached skill level 5 in Evocations
 37251 | Swamp:2  | Noticed a thorn hunter
 37291 | Swamp:2  | Killed a thorn hunter
 37415 | Swamp:2  | Noticed a thorn hunter
 37427 | Swamp:2  | Killed a thorn hunter
 38100 | Swamp:3  | Gained mutation: You are mostly covered in sharp spines.
                  | [demonic ancestry]
 38100 | Swamp:3  | Reached XP level 16. HP: 80/134 MP: 10/16
 38925 | Swamp:4  | Entered Level 4 of the Swamp
 38954 | Swamp:4  | Noticed a thorn hunter
 38959 | Swamp:4  | Reached skill level 15 in Fighting
 39106 | Swamp:4  | Killed a thorn hunter
 39107 | Swamp:4  | Reached skill level 1 in Stealth
 39159 | Swamp:4  | Noticed a thorn hunter
 39199 | Swamp:4  | Killed a thorn hunter
 39365 | Swamp:4  | Reached ****** piety under Wu Jian
 39380 | Swamp:4  | Acquired the ring "Qakh" {Contam Str+6 Int+9 Dex-3 Slay+5}
 39431 | Swamp:4  | Got a decaying rune of Zot
 39565 | Swamp:4  | Noticed a thorn hunter
 39588 | Swamp:4  | Killed a thorn hunter
 39908 | Swamp:4  | Learned a level 2 spell: Sublimation of Blood
 39912 | Swamp:4  | Learned a level 3 spell: Vhi's Electric Charge
 39917 | Swamp:4  | Learned a level 4 spell: Summon Lightning Spire
 40189 | Spider:1 | Entered Level 1 of the Spider Nest
 41677 | Spider:2 | Reached XP level 17. HP: 142/142 MP: 17/17
 41866 | Spider:2 | Reached skill level 5 in Stealth
 42966 | Spider:3 | Got the Atlas of Frozen Ceraunoscopy
 43021 | Spider:3 | Reached skill level 15 in Unarmed Combat
 43083 | Spider:3 | Found a transporter.
 43269 | Spider:3 | Reached skill level 15 in Dodging
 43340 | Spider:3 | Paralysed by a jorogumo for 1 turns
 43493 | Spider:3 | Found a transporter.
 44076 | Spider:3 | Identified the +0 cloak "Zygis" {rC- MP+9 Int+9}
 44078 | Spider:3 | Identified the amulet of the Green God {Reflect Slay+2
                  | SH+5}
 44108 | Spider:3 | Identified the +4 quarterstaff of the Arena {freeze, rElec
                  | MP+9}
 44110 | Spider:3 | Got the Almanac of the Assembled Crevasse
 44111 | Spider:3 | Identified the +8 sling of Borghullu {flame, rPois rCorr
                  | SInv Stlth-}
 44150 | Spider:4 | Entered Level 4 of the Spider Nest
 44959 | Spider:4 | Gained mutation: You are completely covered in sharp
                  | spines. [demonic ancestry]
 44959 | Spider:4 | Reached XP level 18. HP: 141/153 MP: 15/18
 45322 | Spider:4 | Got a gossamer rune of Zot
 45691 | Vaults:1 | Entered Level 1 of the Vaults
 45898 | Vaults:1 | Found a crumbling gateway.
 45909 | Desolati | Entered the Desolation of Salt
 46024 | Desolati | Identified the ring "Feblin" {rElec rN+ Will- rCorr MP+9
                  | Str+3}
 46125 | Desolati | Identified the +0 robe of Suzut {rCorr Int+5}
 46175 | Desolati | Identified the +0 chain mail "Cowimap" {rF++ Str-2}
 46339 | Desolati | Identified the +0 cloak of Cusigodd {rN+ Int+4}
 46352 | Desolati | Got Oming's Papyrus of Points
 46442 | Desolati | Found the +2 cloak of the Thief {*Fog Slay-2 SInv Stlth+}
 46447 | Desolati | Identified the amulet of Calome {RegenMP Harm}
 46477 | Desolati | Identified the +3 scale mail of Mairops {Harm Rampage rC-
                  | Will+++}
 46512 | Desolati | Identified the +2 mace of Abuse {protect, Dex+3}
 48202 | Vaults:1 | Found Zoodep's Weapon Emporium.
 48223 | Vaults:1 | Paralysed by a sphinx for 5 turns
 48290 | Vaults:1 | Reached XP level 19. HP: 142/161 MP: 16/19
 48666 | Vaults:1 | Reached skill level 10 in Stealth
 48802 | Vaults:2 | Noticed Margery
 49258 | Vaults:2 | Noticed Mennas
 49452 | Vaults:2 | Killed Margery
 49537 | Vaults:2 | Noticed Xtahua
 49544 | Vaults:2 | Killed Xtahua
 49685 | Vaults:2 | Noticed Frederick
 49691 | Vaults:2 | Killed Frederick
 50158 | Vaults:3 | Noticed Norris
 50170 | Vaults:3 | Killed Norris
 50377 | Vaults:3 | Found a staircase to the Crypt.
 50377 | Vaults:3 | Found an ancient bone altar of Kikubaaqudgha.
 50377 | Vaults:3 | Found a basalt altar of Yredelemnul.
 50456 | Vaults:3 | Acquired 693 gold pieces
 51376 | Vaults:3 | Gained mutation: You sometimes gain power by taking damage.
                  | [demonic ancestry]
 51376 | Vaults:3 | Reached XP level 20. HP: 127/172 MP: 14/20
 51514 | Vaults:3 | Found a runed translucent door.
 51516 | Vaults:3 | Found the +5 scythe "Finisher" {speed, execute}
 51581 | Vaults:3 | Identified the amulet "Laifuy" {Rampage Regen+}
 52071 | Vaults:4 | Noticed a golden dragon
 52077 | Vaults:4 | Killed a golden dragon
 52088 | Vaults:4 | Identified the ring of Ochor {MP+9 Str+2 Dex+3 SInv}
 52089 | Vaults:4 | Identified the staff "Guuh" {rElec rN+ Necro}
 52167 | Vaults:4 | Identified the +6 dagger of Revolt {heavy, Drain Str+2
                  | Dex+2}
 52568 | Vaults:4 | Found a runed translucent gate.
 52568 | Vaults:4 | Noticed a dread lich
 52569 | Vaults:4 | Found a runed translucent gate.
 52569 | Vaults:4 | Found a runed translucent gate.
 52569 | Vaults:4 | Found an ancient bone altar of Kikubaaqudgha.
 52569 | Vaults:4 | Noticed an ancient lich
 52569 | Vaults:4 | Noticed Xavori's ghost (veteran DjCK)
 52682 | Vaults:4 | Paralysed by a sphinx for 4 turns
 52735 | Vaults:4 | Paralysed by a dread lich for 3 turns
 52740 | Vaults:4 | Killed a dread lich
 52740 | Vaults:4 | Killed an ancient lich
 52742 | Vaults:4 | Killed Xavori's ghost
 52745 | Vaults:4 | Identified the +2 helmet of the Ferocious Slorg {rPois rF+
                  | Dex+3}
 52757 | Vaults:4 | Identified the +9 flail "Demonbane" {protect, Str+3}
 52764 | Vaults:4 | Got the Handbook of the Fair Folk and Cold
 52765 | Vaults:4 | Identified the ring "Ymobo" {rN+ MP+9 Slay+3}
 52830 | Vaults:4 | Acquired a manual of Evocations
 53586 | D:12     | You paid a toll of 4 scrolls of fear to enter a treasure
                  | trove
 53587 | Trove    | Entered a treasure trove
 53635 | Trove    | Identified the +0 pair of boots of the Desert {Contam
                  | Str+5}
 53641 | Trove    | Identified the ring of Jaahuomn {AC+4 Int+6 Dex+2}
 53645 | Trove    | Identified the amulet of Xeebrek {Reflect rC+ SH+5}
 53973 | Depths:1 | Entered Level 1 of the Depths
 54233 | Depths:1 | Identified the +0 trident of the Keeping Gods {flame,
                  | Int+5}
 54268 | Depths:1 | Found a gateway to Hell.
 54400 | Depths:1 | Gained mutation: Your hexes are more powerful. [demonic
                  | ancestry]
 54400 | Depths:1 | Reached XP level 21. HP: 149/180 MP: 16/21
 54610 | Depths:1 | Found a one-way gate leading to the halls of Pandemonium.
 54616 | Depths:1 | Gained mutation: You are vulnerable to heat. (rF-) [a
                  | neqoxec]
 54995 | Depths:2 | Found a one-way gateway to a ziggurat.
 55008 | Depths:2 | Found a stormy altar of Qazlal.
 55516 | Depths:2 | Found a one-way gate to the infinite horrors of the Abyss.
 55665 | Depths:2 | Found a runed translucent door.
 55689 | Depths:2 | Found a runed translucent door.
 55751 | Depths:2 | Gained mutation: Your spells are a little harder to cast,
                  | but a little more powerful. [a neqoxec]
 56116 | Depths:3 | Reached skill level 10 in Evocations
 56131 | Depths:3 | Noticed a caustic shrike
 56131 | Depths:3 | Noticed a caustic shrike
 56135 | Depths:3 | Killed a caustic shrike
 56135 | Depths:3 | Noticed a caustic shrike
 56135 | Depths:3 | Noticed a caustic shrike
 56136 | Depths:3 | Killed a caustic shrike
 56142 | Depths:3 | Killed a caustic shrike
 56143 | Depths:3 | Killed a caustic shrike
 56217 | Abyss:2  | Cast into level 2 of the Abyss (vampire knight)
 56558 | Depths:3 | Escaped the Abyss
 57132 | Depths:3 | Found the +2 hood of the Assassin {Detect Stab+ Stlth++}
 57193 | Depths:3 | Found the amulet of the Air {Inacc Air Fly rElec RMsl}
 57227 | Depths:3 | Found the +9 staff of Olgreb {rPois∞}
 57473 | Depths:3 | Gained mutation: Your melee attacks may debilitate your
                  | foes. [demonic ancestry]
 57473 | Depths:3 | Reached XP level 22. HP: 160/190 MP: 17/22
 57641 | Depths:3 | Noticed a golden dragon
 57646 | Depths:3 | Killed a golden dragon
 57670 | Depths:3 | Noticed a golden dragon
 57679 | Depths:3 | Killed a golden dragon
 57752 | Depths:4 | Entered Level 4 of the Depths
 57967 | Depths:4 | Found the +7 sceptre of Torment {pain, torment}
 58097 | Depths:4 | Found a shadowy altar of Dithmenos.
 58280 | Depths:4 | Noticed a golden dragon
 58293 | Depths:4 | Killed a golden dragon
 58472 | Depths:4 | Noticed a juggernaut
 58489 | Depths:4 | Killed a juggernaut
 58633 | Depths:4 | Found a gate to the Realm of Zot.
 59144 | Elf:1    | Entered Level 1 of the Elven Halls
 59172 | Elf:1    | Identified the +7 war axe of the Skies Above {pain, Str+2}
 59241 | Elf:1    | Reached skill level 1 in Armour
 59334 | Elf:1    | Identified the +1 falchion of Inquiry {antimagic, rN+
                  | Dex+6}
 59566 | Elf:1    | Found Xeusew's Jewellery Shop.
 59571 | Elf:1    | Bought the ring of Zonn {rF+ rC+ rN++ EV+5 Str+3} for 1033
                  | gold pieces
 60161 | Elf:1    | Found Ocrujyul's Magic Scroll Shop.
 60164 | Elf:1    | Bought a scroll of blinking for 90 gold pieces
 60258 | Elf:1    | Bought the amulet "Irphoi" {Reflect rPois rC++ Dex+4 SH+5}
                  | for 939 gold pieces
 60463 | Elf:2    | Found a huge runed translucent gate.
 60463 | Elf:2    | Found a huge runed translucent gate.
 60463 | Elf:2    | Found a huge runed translucent gate.
 60463 | Elf:2    | Found a huge runed translucent gate.
 60463 | Elf:2    | Found a huge runed translucent gate.
 60525 | Elf:2    | Paralysed by an air elemental for 1 turns
 60713 | Elf:2    | Noticed Jorgrun
 60723 | Elf:2    | Killed Jorgrun
 61107 | Elf:2    | Identified the +0 kite shield of Miracles {rN+ Dex+8 Slay-4
                  | SInv}
 61107 | Elf:2    | Noticed Donald
 61112 | Elf:2    | Killed Donald
 61162 | Elf:2    | Reached skill level 15 in Evocations
 61403 | Elf:3    | Entered Level 3 of the Elven Halls
 61423 | Elf:3    | Found Dalov's Mass Market.
 61527 | Elf:3    | Paralysed by an air elemental for 1 turns
 61882 | Abyss:2  | Cast into level 2 of the Abyss (a deep elf demonologist)
 62189 | Abyss:2  | Reached XP level 23. HP: 129/198 MP: 23/23
 62315 | Abyss:2  | Noticed a dread lich
 62319 | Elf:3    | Escaped the Abyss
 62620 | Elf:3    | Reached skill level 5 in Armour
 62755 | Elf:3    | Identified the ring of the Countless Realms {rF+++ rC-
                  | Will+ Int+4}
 63170 | Elf:3    | Learned a level 2 spell: Blink
 63173 | Elf:3    | Learned a level 2 spell: Wereblood
 63178 | Elf:3    | Learned a level 4 spell: Manifold Assault
 63280 | Elf:3    | Got the Precepts of the Flammable Comitatus
 63340 | Elf:3    | Got Dispater's Omnibus of Battle Magic
 63397 | Elf:3    | Identified the +9 quarterstaff of Annoyance {venom, rPois
                  | MP-9 Dex+3}
 64086 | Crypt:1  | Entered Level 1 of the Crypt
 64402 | Crypt:1  | Reached skill level 1 in Spellcasting
 64403 | Crypt:1  | Reached skill level 1 in Transmutations
 64488 | Crypt:1  | Noticed Sojobo
 64500 | Crypt:1  | Killed Sojobo
 64741 | Crypt:1  | Noticed an ancient lich
 64748 | Crypt:1  | Killed an ancient lich
 65425 | Crypt:2  | Reached XP level 24. HP: 182/205 MP: 29/29
 65447 | Crypt:2  | Got the Disquisition on Evil Spells
 65914 | Crypt:3  | Entered Level 3 of the Crypt
 66265 | Crypt:3  | Reached skill level 5 in Spellcasting
 66270 | Crypt:3  | Found a basalt altar of Yredelemnul.
 66279 | Crypt:3  | Reached skill level 5 in Transmutations
 66309 | Crypt:3  | Reached skill level 10 in Armour
 66594 | Crypt:3  | Identified the ring "Donip" {rElec rC+ rCorr Stlth+}
 67074 | Crypt:3  | Found a staircase to the Tomb.
 67074 | Crypt:3  | Noticed Khufu
 67123 | Crypt:3  | Killed Khufu
 67345 | Vaults:5 | Entered Level 5 of the Vaults
 67397 | Vaults:5 | Noticed an ancient lich
 67403 | Vaults:5 | Killed an ancient lich
 67421 | Vaults:5 | Found the +3 pair of mountain boots {steadfast, rC+}
 67432 | Vaults:5 | Reached skill level 15 in Shapeshifting
 67555 | Vaults:5 | Identified the +4 ring mail of Niydazxa {Str-5 Int+4 Dex+3
                  | Slay+2}
 67638 | Vaults:5 | Gained mutation: You are completely covered in thin
                  | metallic scales. (AC +4, rElec) [demonic ancestry]
 67638 | Vaults:5 | Reached XP level 25. HP: 185/212 MP: 32/32
 67812 | Vaults:5 | Noticed a dread lich
 67818 | Vaults:5 | Killed a dread lich
 67845 | Vaults:5 | Identified the +9 scale mail of the Equator {Str+3}
 67976 | Vaults:5 | Identified the +1 short sword "Gutraty" {freeze, +Blink
                  | rN+}
 68000 | Vaults:5 | Identified the +0 robe of Nupim {rElec rC+}
 68071 | Vaults:5 | Identified the +10 scimitar of Moderation {heavy, MP+9}
 68122 | Vaults:5 | Got a silver rune of Zot
 68351 | Vaults:5 | Identified the +8 spear of Eternal Night {heavy, Will-
                  | Int+4 Dex+2}
 68935 | Vaults:5 | Learned a level 7 spell: Enfeeble
 68939 | Vaults:5 | Learned a level 3 spell: Tukima's Dance
 69789 | Slime:1  | Entered Level 1 of the Pits of Slime
 69799 | Slime:1  | Gained mutation: You are weak. (Str -2) [a shining eye]
 69952 | Slime:3  | Reached skill level 1 in Shields
 69980 | Slime:4  | Reached skill level 1 in Translocations
 69981 | Slime:4  | Reached skill level 1 in Air Magic
 70005 | Slime:5  | Entered Level 5 of the Pits of Slime
 70058 | Slime:5  | Noticed the Royal Jelly
 70083 | Slime:5  | Killed the Royal Jelly
 70098 | Slime:5  | Gained mutation: Your magical capacity is low. (-10% MP) [a
                  | shining eye]
 70127 | Slime:5  | Identified the +2 rapier of Tomorrow {freeze, rPois Int-4
                  | Dex+2 SInv}
 70129 | Slime:5  | Got a slimy rune of Zot
 70130 | Slime:5  | Identified the ring "Alum" {EV+5 Int+3}
 70146 | Slime:5  | Identified the +6 chain mail of the Last Invaders {rF+
                  | SInv}
 70148 | Slime:5  | Identified the amulet "Qiul Coajups" {rC+ Regen+}
 70165 | Slime:5  | Identified the +5 shortbow "Ceqi" {flame, rElec Will+
                  | Stlth+}
 70175 | Slime:5  | Identified the amulet of Eraudgh {Reflect Harm rElec SH+5
                  | SInv}
 70220 | Slime:5  | Identified the staff "Hydra's Regret" {rPois Earth}
 70233 | Slime:5  | Identified the +1 cloak of Ciuv {*Corrode Int+6}
 70253 | Slime:5  | Identified the +1 helmet of Qazlal {Fly rC+ Dex+3 SInv}
 71165 | Zot:1    | Entered Level 1 of the Realm of Zot
 71214 | Zot:1    | Reached skill level 5 in Shields
 71268 | Zot:1    | You fall into a shaft and drop 1 floor!
 72286 | Zot:3    | Reached skill level 5 in Air Magic
 72291 | Zot:3    | Reached skill level 5 in Translocations
 72427 | Zot:3    | Found a shimmering altar of Xom.
 72741 | Zot:4    | Gained mutation: You are surrounded by an aura of silence.
                  | [demonic ancestry]
 72741 | Zot:4    | Reached XP level 26. HP: 219/219 MP: 0/28
 73868 | Zot:5    | Entered Level 5 of the Realm of Zot
 74007 | Zot:5    | Reached skill level 10 in Shields
 74406 | Zot:5    | Noticed a dread lich
 74407 | Zot:5    | Noticed an ancient lich
 74410 | Zot:5    | Killed a dread lich
 74412 | Zot:5    | Killed an ancient lich
 74453 | Zot:5    | Noticed an orb of fire
 74457 | Zot:5    | Killed an orb of fire
 74492 | Zot:5    | Noticed a dread lich
 74495 | Zot:5    | Killed a dread lich
 74496 | Zot:5    | Noticed an orb of fire
 74502 | Zot:5    | Noticed an orb of fire
 74505 | Zot:5    | Killed an orb of fire
 74506 | Zot:5    | Gained mutation: You are powered by pain. [demonic
                  | ancestry]
 74506 | Zot:5    | Reached XP level 27. HP: 226/226 MP: 28/28
 74860 | Zot:4    | Upgraded the game from 0.31-a0-466-g98c9adc2b6 to
                  | 0.31-a0-473-g61b50ae490
 75919 | Orc:2    | Killed Saint Roka
 76311 | Depths:2 | Voluntarily entered the Abyss.
 76558 | Abyss:3  | Found a corrupted altar of Lugonu.
 76580 | Abyss:3  | Paralysed by accursed screaming for 1 turns
 76605 | Abyss:3  | Got an abyssal rune of Zot
 76699 | Depths:2 | Escaped the Abyss
 76744 | Depths:2 | a titan changed into a juggernaut
 76744 | Depths:2 | Noticed a juggernaut (glowing shapeshifter)
 76752 | Depths:2 | a juggernaut changed into an acid blob
 76778 | Depths:2 | Paralysed by a floating eye for 4 turns
 76790 | Depths:2 | Reached skill level 10 in Translocations
 76840 | Depths:2 | Identified the +6 long sword "Ceolen" {venom, Dex+4}
 76986 | Depths:2 | Learned a level 6 spell: Dispersal
 77046 | Pan      | Entered Pandemonium
 77120 | Pan      | Noticed Feuse the pandemonium lord
 77124 | Pan      | Killed Feuse the pandemonium lord
 77145 | Pan      | Reached skill level 15 in Shields
 77178 | Pan      | Got a demonic rune of Zot
 77515 | Pan      | Found an exit through the horrors of the Abyss.
 77633 | Pan      | Noticed Eci Tube the pandemonium lord
 77641 | Pan      | Killed Eci Tube the pandemonium lord
 77841 | Pan      | Noticed Nutiad the pandemonium lord
 78135 | Pan      | Noticed Ignacio
 78140 | Pan      | Gained mutation: You are frail. (-10% HP) [a cacodemon]
 78141 | Pan      | Reached skill level 1 in Hexes
 78143 | Pan      | Killed Ignacio
 78151 | Pan      | Killed Nutiad the pandemonium lord
 79625 | Pan      | Reached skill level 5 in Hexes
 79669 | Pan      | Noticed a seraph
 79674 | Pan      | Killed a seraph
 79711 | Pan      | Identified the staff "Hakihoc" {Dex+3 Conj}
 79713 | Pan      | Got the Exposition on Indurated Cryomancy
 81583 | Depths:2 | Escaped Pandemonium
 81848 | Pan      | Entered the realm of Mnoleg.
 81848 | Pan      | Entered Pandemonium
 81940 | Pan      | Noticed Mnoleg
 81948 | Pan      | Gained mutation: You sometimes lose your temper in combat.
                  | [a cacodemon]
 81953 | Pan      | Paralysed by a floating eye for 2 turns
 81958 | Pan      | Killed Mnoleg
 82077 | Pan      | Got a glowing rune of Zot
 82144 | Pan      | Lost mutation: You sometimes lose your temper in combat.
                  | [potion of mutation]
 82144 | Pan      | Lost mutation: Your spells are a little harder to cast, but
                  | a little more powerful. [potion of mutation]
 82144 | Pan      | Lost mutation: You are weak. (Str -2) [potion of mutation]
 82144 | Pan      | Gained mutation: You sometimes lose your temper in combat.
                  | [potion of mutation]
 82144 | Pan      | Gained mutation: You occasionally lose the ability to drink
                  | potions when taking damage. [potion of mutation]
 82144 | Pan      | Gained mutation: You passively dampen the noise of your
                  | surroundings. [potion of mutation]
 82145 | Pan      | Lost mutation: You occasionally lose the ability to drink
                  | potions when taking damage. [potion of mutation]
 82145 | Pan      | Lost mutation: Your magical capacity is low. (-10% MP)
                  | [potion of mutation]
 82145 | Pan      | Lost mutation: You are frail. (-10% HP) [potion of
                  | mutation]
 82145 | Pan      | Gained mutation: You have hidden genetic defects. [potion
                  | of mutation]
 82145 | Pan      | Gained mutation: You have sharp toenails. [potion of
                  | mutation]
 82146 | Pan      | Lost mutation: You have sharp toenails. [potion of
                  | mutation]
 82146 | Pan      | Lost mutation: You sometimes lose your temper in combat.
                  | [potion of mutation]
 82146 | Pan      | Lost mutation: You are vulnerable to heat. (rF-) [potion of
                  | mutation]
 82146 | Pan      | Gained mutation: You have a pair of small horns on your
                  | head. [potion of mutation]
 82147 | Pan      | Lost mutation: You have a pair of small horns on your head.
                  | [potion of mutation]
 82147 | Pan      | Lost mutation: You passively dampen the noise of your
                  | surroundings. [potion of mutation]
 82147 | Pan      | Gained mutation: You are clumsy. (Dex -2) [potion of
                  | mutation]
 82147 | Pan      | Gained mutation: You possess an exceptional clarity of
                  | mind. [potion of mutation]
 82172 | Pan      | Entered the realm of Gloorx Vloq.
 82253 | Pan      | Found an exit through the horrors of the Abyss.
 82392 | Pan      | Noticed Gloorx Vloq
 82417 | Pan      | Killed Gloorx Vloq
 82895 | Pan      | Got a dark rune of Zot
 82953 | Pan      | Lost mutation: You possess an exceptional clarity of mind.
                  | [hidden defects]
 82979 | Pan      | Entered the realm of Cerebov.
 83029 | Pan      | Found an exit through the horrors of the Abyss.
 83247 | Pan      | Identified the ring "Sozxec" {Will+ Slay+2}
 83270 | Pan      | Found the +6 sword of Cerebov {flame}
 83270 | Pan      | Noticed Cerebov
 83282 | Pan      | Killed Cerebov
 83307 | Pan      | Got a fiery rune of Zot
 83404 | Pan      | Identified the +2 buckler of Snakes and Ladders {*Slow
                  | Will+ Dex+4 Stlth-}
 83412 | Pan      | Identified the +1 long sword of Growth {distort, rF+}
 83458 | Pan      | Identified the staff of the Lettuce {+Blink rC+ Fire Ice}
 83467 | Pan      | Got First Steps in Incantation
 83490 | Pan      | Identified the +8 hand axe "Kunwah Owk" {pain, +Blink Str+7
                  | Int-4}
 83731 | Pan      | Gained mutation: Your spells are a little easier to cast,
                  | but a little less powerful. [hidden defects]
 83731 | Pan      | Lost mutation: You have hidden genetic defects. [hidden
                  | defects expressed]
 83982 | Pan      | Noticed Wiaryoc the pandemonium lord
 83988 | Pan      | Killed Wiaryoc the pandemonium lord
 84163 | Pan      | Noticed Astracem the pandemonium lord
 84172 | Pan      | Killed Astracem the pandemonium lord
 84281 | Pan      | Noticed Pualin the pandemonium lord
 84291 | Pan      | Killed Pualin the pandemonium lord
 84484 | Pan      | Noticed Ryagiewk the pandemonium lord
 84497 | Pan      | Learned a level 1 spell: Apportation
 84564 | Pan      | Found an exit through the horrors of the Abyss.
 84572 | Pan      | Noticed Zureukip the pandemonium lord
 84583 | Pan      | Killed Zureukip the pandemonium lord
 84773 | Pan      | Entered the realm of Lom Lobon.
 84780 | Pan      | Reached skill level 10 in Hexes
 84836 | Pan      | Noticed Lom Lobon
 84845 | Pan      | Killed Lom Lobon
 84850 | Pan      | Got a magical rune of Zot
 85039 | Depths:2 | Escaped Pandemonium
 85357 | Tomb:1   | Entered Level 1 of the Tomb of the Ancients
 85839 | Tomb:1   | Noticed a royal mummy
 85845 | Tomb:1   | Killed a royal mummy
 85987 | Tomb:1   | Noticed a royal mummy
 85990 | Tomb:1   | Killed a royal mummy
 86166 | Tomb:1   | Identified the +8 rapier "Zasoew" {drain, Str+6}
 86321 | Tomb:2   | Noticed a royal mummy
 86321 | Tomb:2   | Noticed a royal mummy
 86321 | Tomb:2   | Noticed a royal mummy
 86325 | Tomb:2   | Killed a royal mummy
 86326 | Tomb:2   | Noticed a royal mummy
 86326 | Tomb:2   | Noticed a royal mummy
 86327 | Tomb:2   | Killed a royal mummy
 86332 | Tomb:2   | Killed a royal mummy
 86335 | Tomb:2   | Killed a royal mummy
 86335 | Tomb:2   | Killed a royal mummy
 86782 | Tomb:1   | Noticed a royal mummy
 86783 | Tomb:1   | Killed a royal mummy
 86788 | Tomb:1   | Noticed a royal mummy
 86792 | Tomb:1   | Killed a royal mummy
 86826 | Tomb:1   | Noticed a royal mummy
 86833 | Tomb:1   | Killed a royal mummy
 86842 | Tomb:1   | Noticed a royal mummy
 86845 | Tomb:1   | Killed a royal mummy
 86895 | Tomb:1   | Noticed a royal mummy
 86906 | Tomb:1   | Killed a royal mummy
 86992 | Tomb:1   | Noticed a royal mummy
 86997 | Tomb:1   | Noticed a royal mummy
 87001 | Tomb:1   | Noticed a royal mummy
 87015 | Tomb:1   | Killed a royal mummy
 87015 | Tomb:1   | Killed a royal mummy
 87015 | Tomb:1   | Killed a royal mummy
 87015 | Tomb:1   | Noticed a royal mummy
 87022 | Tomb:1   | Killed a royal mummy
 87310 | Tomb:1   | Noticed a royal mummy
 87321 | Tomb:1   | Noticed a royal mummy
 87326 | Tomb:1   | Killed a royal mummy
 87331 | Tomb:1   | Killed a royal mummy
 87372 | Tomb:1   | Noticed a royal mummy
 87380 | Tomb:1   | Killed a royal mummy
 87407 | Tomb:1   | Noticed a royal mummy
 87407 | Tomb:1   | Noticed a royal mummy
 87410 | Tomb:1   | Noticed a royal mummy
 87414 | Tomb:1   | Killed a royal mummy
 87417 | Tomb:1   | Killed a royal mummy
 87422 | Tomb:1   | Killed a royal mummy
 87515 | Tomb:2   | Gained mutation: You are very clumsy. (Dex -4) [mutagenic
                  | glow]
 87530 | Tomb:2   | Gained mutation: You are dopey. (Int -2) [mutagenic glow]
 87866 | Tomb:3   | Entered Level 3 of the Tomb of the Ancients
 87890 | Tomb:3   | Noticed a royal mummy
 87893 | Tomb:3   | Noticed a royal mummy
 87898 | Tomb:3   | Killed a royal mummy
 87916 | Tomb:3   | Killed a royal mummy
 87917 | Tomb:3   | Noticed a royal mummy
 87947 | Tomb:3   | Killed a royal mummy
 87953 | Tomb:3   | Noticed a royal mummy
 87965 | Tomb:3   | Killed a royal mummy
 88031 | Tomb:3   | Identified the +5 mace "Qiek" {freeze, Will++ Str+3}
 88032 | Tomb:3   | Identified the +8 battleaxe "Asoat" {freeze, rPois Int+5}
 88034 | Tomb:3   | Identified the +2 dagger "Ita Orat" {drain, MP+9 Str+4
                  | Int+4}
 88035 | Tomb:3   | Identified the +6 falchion of Fiymeong {vamp, Fragile Will+
                  | Dex+6}
 88037 | Tomb:3   | Identified the +5 halberd of Jooramax {holy, rElec MP+9}
 88074 | Tomb:3   | Identified the +6 scimitar "Gimumyta" {drain, +Blink Str+3
                  | SInv}
 88339 | Tomb:3   | Noticed a royal mummy
 88346 | Tomb:3   | Killed a royal mummy
 88532 | Tomb:3   | Noticed a royal mummy
 88538 | Tomb:3   | Killed a royal mummy
 88618 | Tomb:3   | Noticed a royal mummy
 88672 | Tomb:3   | Noticed a royal mummy
 88680 | Tomb:3   | Killed a royal mummy
 88693 | Tomb:3   | Got a golden rune of Zot
 88695 | Tomb:3   | Noticed a royal mummy
 88704 | Tomb:3   | Killed a royal mummy
 88755 | Tomb:3   | Killed a royal mummy
 89464 | Hell     | Entered the Vestibule of Hell
 89464 | Hell     | Noticed Geryon
 89484 | Hell     | Found a gateway to the Iron City of Dis.
 89539 | Hell     | Killed Geryon
 89702 | Hell     | Found a gateway to the decaying netherworld of Tartarus.
 89735 | Hell     | Found a gateway to the ashen valley of Gehenna.
 89759 | Geh:1    | Entered Level 1 of Gehenna
 90638 | Geh:3    | Reached skill level 15 in Hexes
 91005 | Geh:4    | Noticed a dread lich
 91005 | Geh:4    | Noticed an ancient lich
 91005 | Geh:4    | Noticed a dread lich
 91005 | Geh:4    | Noticed a dread lich
 91007 | Geh:4    | Killed a dread lich
 91012 | Geh:4    | Killed an ancient lich
 91013 | Geh:4    | Killed a dread lich
 91019 | Geh:4    | Killed a dread lich
 91781 | Geh:7    | Entered Level 7 of Gehenna
 91900 | Geh:7    | Identified the amulet "Roaze" {Fragile rN+ Regen+ Dex+2
                  | Stlth+}
 92028 | Geh:7    | Identified the staff of Equivalence {rC+ rN+ Int+3 Stlth+
                  | Necro}
 92105 | Geh:7    | Identified the +1 rapier "Grim Tooth" {elec, rCorr}
 92351 | Geh:7    | Found the +13 sceptre of Asmodeus
 92351 | Geh:7    | Noticed Asmodeus
 92383 | Geh:7    | Killed Asmodeus
 92390 | Geh:7    | Got an obsidian rune of Zot
 92956 | Hell     | Found a gateway to the freezing wastes of Cocytus.
 92984 | Coc:1    | Entered Level 1 of Cocytus
 93058 | Coc:2    | Noticed a dread lich
 93072 | Coc:2    | Killed a dread lich
 93126 | Coc:3    | Paralysed by a wendigo for 1 turns
 93591 | Coc:4    | Noticed an ancient lich
 93603 | Coc:4    | Killed an ancient lich
 93729 | Coc:7    | Entered Level 7 of Cocytus
 94000 | Coc:7    | Found the +8 orange crystal plate armour {Archmagi, Int+3
                  | Clar}
 94001 | Coc:7    | Got an icy rune of Zot
 94001 | Coc:7    | Noticed Antaeus
 94027 | Coc:7    | Killed Antaeus
 94040 | Coc:7    | Identified the ring of Vuylaub {rC++ Str+4 Int-4 Dex+6}
 94595 | Tar:1    | Entered Level 1 of Tartarus
 95400 | Tar:6    | Noticed an ancient lich
 95402 | Tar:6    | Killed an ancient lich
 95520 | Tar:7    | Entered Level 7 of Tartarus
 96535 | Tar:7    | Identified the staff "Goblinslayer" {rF++ Earth}
 96537 | Tar:7    | Identified the ring of Qaephich {rPois Will+ Str+6 Int-5}
 96606 | Tar:7    | Noticed Ereshkigal
 96611 | Tar:7    | Killed Ereshkigal
 96635 | Tar:7    | Got the Lessons on Stones
 96637 | Tar:7    | Got Ororphez's Catalogue of the Altered Volcano
 96638 | Tar:7    | Identified the +7 rapier of Contradiction {vamp, Str+3
                  | Int+3 Dex-2 Stlth+}
 96644 | Tar:7    | Got a bone rune of Zot
 96650 | Tar:7    | Identified the quicksilver dragon scales of Myx Jiam {Will+
                  | Regen+}
 97435 | Dis:1    | Entered Level 1 of the Iron City of Dis
 97605 | Dis:1    | Reached skill level 27 in Unarmed Combat
 98727 | Dis:6    | Reached skill level 27 in Shields
 98949 | Dis:7    | Entered Level 7 of the Iron City of Dis
 99304 | Dis:7    | Noticed a juggernaut
 99311 | Dis:7    | Killed a juggernaut
 99524 | Dis:7    | Noticed a dread lich
 99526 | Dis:7    | Killed a dread lich
 99614 | Dis:7    | Reached skill level 10 in Spellcasting
 99669 | Dis:7    | Noticed a juggernaut
 99681 | Dis:7    | Killed a juggernaut
 99924 | Dis:7    | Noticed a juggernaut
 99925 | Dis:7    | Noticed the Serpent of Hell
 99925 | Dis:7    | Killed a juggernaut
 99931 | Dis:7    | Killed the Serpent of Hell
 99997 | Dis:7    | Noticed Dispater
100007 | Dis:7    | Killed Dispater
100027 | Dis:7    | Got the Enchiridion on Breath and Effluvium
100029 | Dis:7    | Identified the +6 sling of the Invisible Curses {freeze,
                  | +Blink Stlth+}
100031 | Dis:7    | Got an iron rune of Zot
100421 | Zot:5    | Killed an orb of fire
100479 | Zot:5    | Got the Orb of Zot
100613 | Zot:1    | Noticed Liurua the pandemonium lord
100617 | Zot:1    | Killed Liurua the pandemonium lord
101092 | D:2      | Noticed Qeziofos the pandemonium lord
101103 | D:2      | Noticed Nafup the pandemonium lord
101105 | D:2      | Killed Qeziofos the pandemonium lord
101114 | D:2      | Killed Nafup the pandemonium lord
101168 | D:$      | Escaped with the Orb!

Illustrated notes

Levels and vault maps discovered:
D:1:      saegor_arrival_fortress, layout_basic, corexii_hall_statues_t
D:2:      layout_basic
D:3:      layout_rooms, basic_ecumenical_altar, uniq_grinder, uniq_terence,
          uniq_jessica
D:4:      layout_loops_corners, serial_shops, shop, nicolae_grassy_gnolls,
          uniq_sigmund
D:5:      layout_rooms, grunt_ministairs_15
D:6:      layout_cave_pools, kennysheep_mini, minitemple,
          mainiacjoe_overflow_alcove_1, minmay_temple_entry_hall,
          portal_sewer_entry_b, nicolae_water_bricks
D:7:      layout_basic, nicolae_uskayaw_dance_studio, serial_bayou_lagoon_a
D:8:      layout_rooms, serial_shops, shop, serial_rivers,
          chequers_serial_rivers_room_a, chequers_serial_rivers_large_b,
          chequers_serial_rivers_room_b, chequers_serial_rivers_micro_c,
          chequers_serial_rivers_micro_b
D:9:      layout_irregular_city, mainiacjoe_overflow_tiny_flanked,
          minmay_lair_entry_grove
D:10:     layout_basic, gammafunk_temple_overflow_statue, hiddenorc2_lemuel
D:11:     layout_stronghold
D:12:     layout_long_grid, nicolae_trove_entry_free_sample
D:13:     lemuel_flame_loot_2, layout_basic,
          hangedman_vaults_entry_quadrant_bands, portal_ice_cave_entry_imps,
          minmay_misc_feat_more_columns, uniq_kirke
D:14:     layout_loops_corners, ebering_dispersal_statue_hall, serial_shops,
          shop, uniq_nessos
D:15:     grunt_enter_depths_giant_problem, layout_loops_ring,
          okawaru_metal_pillars_1_2, nzn_life_drinkers
Temple:   nicolae_temple_ecumenical_triangle
Lair:1:   layout_hall_layers, uniq_joseph, uniq_harold
Lair:2:   layout_misc_corridors, palyth_hydra_swamp_entry,
          nicolae_spider_entry_orb_guardian
Lair:3:   layout_cave_pods, grunt_megastairs_1
Lair:4:   layout_cave_pods
Lair:5:   grunt_lair_end_beastmaster, layout_misc_corridors,
          nicolae_slime_entry_slimehenge, gammafunk_ghost_arena,
          serial_bayou_shore_b, grunt_megastairs_2, serial_bayou_shore_b
Swamp:1:  layout_basic_swamp, nicolae_swamp_orc_logging_accident, swamp_pool1,
          nicolae_swamp_very_dense_foliage
Swamp:2:  nicolae_swamp_phyte_club, layout_falls_marsh,
          nicolae_swamp_round_clearing, swamp_pool2
Swamp:3:  cheibrodos_swamp_heart_of_darkness, layout_falls_marsh,
          nicolae_swamp_ascending_descending, infiniplex_staircase_pool
Swamp:4:  swamp, layout_basic_swamp
Spider:1: layout_spider_delve
Spider:2: layout_cave_pods, nicolae_spider_world_wide_web
Spider:3: gammafunk_sealed_arena, drop_trap
Spider:4: guppyfry_spider_rune, hangedman_spider_tarantella_strand
Slime:1:  layout_caves, cheibrodos_slime_lost_civilization_7
Slime:2:  layout_caves
Slime:3:  layout_caves
Slime:4:  layout_caves
Slime:5:  slime_pit_nicolae_amoeboid
Orc:1:    layout_caves, serial_shops, nicolae_shop_statue_plus,
          nicolae_shop_window_shopping, nicolae_shop_back_alley_shop,
          nicolae_shop_waterfront, library_closet
Orc:2:    grunt_orc_cross, layout_caves, nicolae_volcano_entry_batcave,
          uniq_saint_roka
Elf:1:    layout_loops_cross, serial_shops, nicolae_shop_rolled_up,
          nicolae_square_shop, hangedman_elf_represent
Elf:2:    elven_hall_of_blades_hangedman_alternative
          [mumra_blade_entry_bloodbath], layout_geoelf_diagonals, st_stairs_10,
          minivault_16, uniq_jorgrun, uniq_donald
Elf:3:    minmay_elf_hall_hex, layout_geoelf_octagon, minmay_shop_mass
Vaults:1: portal_desolation_entry_garden, nicolae_vaults_sightless_eye,
          nicolae_vaults_minivaults, vaults_room_door_ring,
          ontoclasm_vaults_ring_large, nicolae_vaults_house_1,
          nicolae_vaults_offset_grid_hallway_3, nicolae_vaults_trapezoid_1,
          nicolae_vaults_diamond_1, nicolae_vaults_closet_pinwheel_2,
          layout_vaults_big_room, serial_shops, nicolae_shop_back_alley_shop
Vaults:2: nicolae_vaults_six-pack, v_misc_11, nicolae_vaults_shelves_hall,
          nicolae_vaults_six-pack, nicolae_vaults_trapezoid_1,
          nicolae_vaults_surprise_closet_hard, layout_vaults_omnigrid,
          uniq_frederick, uniq_mennas, uniq_xtahua, uniq_margery
Vaults:3: nicolae_vaults_oozy_zoo, vaults_dpeg_ring,
          nicolae_vaults_storage_closets_3, hangedman_vaults_cutoff,
          grunt_vaults_twisty, minmay_crypt_entry_necro_gods,
          ontoclasm_vaults_ring_small, hangedman_vaults_impose,
          nicolae_vaults_tetromino_L_1, v_misc_16, ontoclasm_vaults_chip,
          vaults_mumra_hex, nicolae_vaults_house_1, layout_vaults_omnibox,
          uniq_norris
Vaults:4: gammafunk_ghost_crypt, grunt_vaults_hallway_short,
          nicolae_vaults_specimen_jars, nicolae_vaults_heart-shaped_vault,
          nicolae_vaults_storing_the_good_stuff, vaults_room_boxed, v_misc_29,
          ontoclasm_vaults_twist, ontoclasm_vaults_bender,
          nicolae_vaults_storage_closets_2, hangedman_vaults_stretched_pinwheel,
          ontoclasm_vaults_ligature, vaults_standard_mumra_x,
          layout_vaults_big_cross
Vaults:5
Crypt:1:  layout_chaotic_city, grunt_crypt_arrival_split, uniq_sojobo
Crypt:2:  layout_misc_corridors, special_room [special_room_morgue],
          nicolae_elevator_lobby_asterisk
Crypt:3:  grunt_crypt_end_deaths_head
Tomb:1
Tomb:2
Tomb:3
Depths:1: layout_cave_pools, serial_sigils_hangedman_quiver, hell_entry,
          grunt_pan_entry_sceptre, serial_rivers,
          chequers_serial_rivers_micro_c, chequers_serial_rivers_small_b,
          chequers_serial_rivers_micro_e, chequers_serial_rivers_marsh,
          drop_trap
Depths:2: minmay_expanding_circles, layout_basic, enter_ziggurat_d,
          nicolae_qazlal_general_emergency, abyss_entry, hellmouth_1,
          rand_demon_pan_entry_7
Depths:3: minmay_fractal_lines_corner, layout_long_grid,
          hangedman_abyss_entry_splay, minmay_misc_feat_diagonals, hellmouth_3
Depths:4: evilmike_zot_entry_diamond, layout_basic,
          abyss_entry_small_statue_room, nicolae_dithmenos_shadow_blocks,
          hell_entry
Hell
Dis:1:    layout_overlapping_boxes
Dis:2:    layout_overlapping_boxes
Dis:3:    layout_jigsaw, nicolae_hells_hurtin_island
Dis:4:    layout_jigsaw, nicolae_dis_grated_feature
Dis:5:    layout_jigsaw
Dis:6:    hangedman_dis_monolith, layout_regular_city
Dis:7:    dis_grunt_layers
Geh:1:    nicolae_geh_lava_swirls, layout_gehenna_pools_box
Geh:2:    layout_gehenna_lava_caves
Geh:3:    layout_gehenna_lava_caves, nicolae_hells_fiendish_ambush
Geh:4:    layout_gehenna_pools_basic, nicolae_geh_liches_on_tour
Geh:5:    nicolae_geh_split_lavaduct, layout_gehenna_lava_caves
Geh:6:    layout_gehenna_pools_triple, nicolae_geh_rippling_lava
Geh:7:    geh_grunt
Coc:1:    layout_cocytus_delve
Coc:2:    layout_ice_bergs, serial_ice, serial_ice_d, serial_ice_o, serial_ice_h
Coc:3:    layout_ice_bergs, nicolae_hells_seeping_fissure
Coc:4:    layout_ice_bergs, nicolae_coc_kraken_the_ice
Coc:5:    layout_ice_bergs
Coc:6:    layout_cocytus_delve
Coc:7:    coc_old
Tar:1:    layout_honeycomb
Tar:2:    layout_grid_maze
Tar:3:    layout_honeycomb
Tar:4:    layout_catacombs, nicolae_tar_honey_chapel
Tar:5:    layout_grid_maze
Tar:6:    layout_grid_maze
Tar:7:    tar_minmay_river
Zot:1:    layout_gridville, grunt_megastairs_3, uniq_parghit
Zot:2:    layout_onion_interference, grunt_ministairs_15
Zot:3:    layout_misc_corridors, basic_altar, grunt_megastairs_5
Zot:4:    gammafunk_mikee_crab_dinner, layout_cellular_growth,
          st_single_dragon_hoard_3, hangedman_zot_decor_scrapings
Zot:5:    layout_gridville, grunt_ministairs_6

Skill      XL: |  1  2  3  4  5  6  7  8  9 10 11 12 13 14 15 16 17 18 19 20 21 22 23 24 25 26 27 |
---------------+----------------------------------------------------------------------------------+-----
Dodging        | 2 3 4 5 6 8 9 10 11 12 13 14 15 16 17 19 | 19.3
Unarmed Combat | 3 4 5 6 7 8 9 10 11 12 13 14 15 16 17 18 19 20 27 | 27.0
Shapeshifting  | 3 4 5 6 7 8 9 10 11 12 13 14 15 16 17 21 | 21.0
Fighting       | 2 3 4 5 7 8 10 11 12 13 14 15 16 17 18 19 20 24 | 24.3
Throwing       | 3 6 |  6.8
Evocations     | 2 5 8 12 15 16 | 16.1
Stealth        | 4 7 9 11 12 | 12.9
Armour         | 4 8 13 14 | 14.1
Spellcasting   | 4 6 13 | 13.9
Transmutations | 4 8 9 |  9.2
Shields        | 7 12 27 | 27.0
Translocations | 5 9 12 | 12.5
Air Magic      | 5 |  5.0
Hexes          | 17 | 17.3

Action                     |  1- 3 |  4- 6 |  7- 9 | 10-12 | 13-15 | 16-18 | 19-21 | 22-24 | 25-27 || total
---------------------------+-------+-------+-------+-------+-------+-------+-------+-------+-------++-------
  Melee: Unarmed           |    83 |    36 |   219 |   584 |  1013 |  1132 |  1163 |  1364 |  5778 || 11372
         Punch             |     2 |     1 |     9 |    43 |   112 |   120 |   151 |   189 |    13 ||   640
   Cast: Wereblood         |       |       |       |       |       |       |       |     1 |    22 ||    23
         Vhi's Electric Ch |       |       |       |       |       |       |       |       |   182 ||   182
         Manifold Assault  |       |       |       |       |       |       |       |       |    49 ||    49
         Blink             |       |       |       |       |       |       |       |       |     4 ||     4
         Enfeeble          |       |       |       |       |       |       |       |       |     3 ||     3
 Invoke: Serpent's Lash    |       |       |       |     6 |    15 |    14 |    17 |     9 |    64 ||   125
         Heavenly Storm    |       |       |       |       |       |     3 |     2 |     1 |    12 ||    18
Ability: Lunge             |       |       |    11 |    50 |    97 |   107 |   144 |   170 |   468 ||  1047
         Whirlwind         |       |       |       |    91 |   204 |   319 |   287 |   241 |  1831 ||  2973
         Wall Jump         |       |       |       |       |       |     1 |     3 |     2 |    19 ||    25
         Siphon Essence    |       |       |       |       |       |       |       |       |     2 ||     2
  Evoke: Wand              |       |       |     6 |    22 |    18 |       |    10 |     2 |     3 ||    61
         Tin of tremorston |       |       |       |       |     1 |       |       |       |       ||     1
         Phantom mirror    |       |       |       |       |       |     1 |     2 |     1 |       ||     4
         Phial of floods   |       |       |       |       |       |       |     1 |       |       ||     1
    Use: Scroll            |     6 |       |       |    22 |     8 |     6 |     3 |       |    15 ||    60
         Potion            |     2 |       |       |     7 |     2 |     9 |     3 |     2 |    27 ||    52
   Stab: Sleeping          |     1 |       |       |       |       |    20 |    48 |    23 |   107 ||   199
         Invisible         |       |       |       |     3 |     1 |       |     1 |       |       ||     5
         Petrified         |       |       |       |       |    19 |       |       |       |       ||    19
         Distracted        |       |       |       |       |     1 |     1 |     9 |    11 |    46 ||    68
         Paralysed         |       |       |       |       |       |       |     1 |       |       ||     1
 Armour: Animal skin       |    13 |       |       |       |       |       |       |       |       ||    13
         Skin              |     7 |       |       |       |    29 |       |       |       |  1059 ||  1095
         Plate armour      |     1 |     8 |   105 |    97 |       |       |       |       |       ||   211
         Ring mail         |       |       |       |   110 |   198 |   311 |   178 |   194 |    25 ||  1016
         Pearl dragon scal |       |       |       |       |       |       |       |       |   224 ||   224
         Crystal plate arm |       |       |       |       |       |       |       |       |    33 ||    33
         Fire dragon scale |       |       |       |       |       |       |       |       |     4 ||     4
  Dodge: Dodged            |    32 |     8 |    44 |   267 |   492 |   710 |   462 |   642 |  2610 ||  5267
  Block: Other             |       |       |       |       |   155 |   307 |   265 |   168 |     7 ||   902
         Reflection        |       |       |       |       |       |       |       |     3 |    74 ||    77
         Buckler           |       |       |       |       |       |       |       |       |  1632 ||  1632
         Tower shield      |       |       |       |       |       |       |       |       |  1499 ||  1499
   Form: Blade             |       |       |       |       |     1 |       |     1 |       |       ||     2
         Death             |       |       |       |       |       |       |     1 |       |     9 ||    10
                           |       |       |       |       |       |       |     1 |       |     1 ||     2
         Statue            |       |       |       |       |       |       |       |       |     9 ||     9

Table legend: (Time is in decaauts)
 A = Elapsed time spent in this place.
 B = Non-inter-level travel time spent in this place.
 C = Inter-level travel time spent in this place.
 D = Time resting spent in this place.
 E = Time spent auto-exploring this place.
 F = Levels seen in this place.
 G = Mean time per level.
                   A        B        C        D        E       F      G
               +--------+--------+--------+--------+--------+-----+--------+
         Total | 110742 |  98890 |  11852 |  18418 |  51887 | 112 |  988.8 |
       Dungeon |  22846 |  18920 |   3926 |   3157 |  12828 |  15 | 1523.1 |
        Temple |     18 |     14 |      4 |      0 |      0 |   1 |   18.0 |
          Lair |  12691 |  11560 |   1131 |   3997 |   6294 |   5 | 2538.2 |
         Swamp |   3843 |   3637 |    206 |    892 |   1808 |   4 |  960.8 |
   Spider Nest |   5246 |   4971 |    275 |    668 |   3106 |   4 | 1311.5 |
    Slime Pits |   1347 |   1244 |    103 |    201 |    538 |   5 |  269.4 |
  Orcish Mines |   3963 |   3784 |    179 |   2502 |    677 |   2 | 1981.5 |
   Elven Halls |   4108 |   3681 |    427 |    819 |   1788 |   3 | 1369.3 |
        Vaults |   9096 |   7532 |   1564 |    670 |   4821 |   5 | 1819.2 |
         Crypt |   4755 |   3142 |   1613 |    231 |   1844 |   3 | 1585.0 |
          Tomb |   5452 |   5159 |    293 |   1199 |   1978 |   3 | 1817.3 |
        Depths |   5974 |   4767 |   1207 |    526 |   2825 |   4 | 1493.5 |
          Hell |    790 |    772 |     18 |    254 |      9 |   1 |  790.0 |
           Dis |   2469 |   2320 |    149 |    431 |    980 |   7 |  352.7 |
       Gehenna |   2370 |   2351 |     19 |    114 |   1132 |   7 |  338.6 |
       Cocytus |   1452 |   1376 |     76 |    219 |    407 |   7 |  207.4 |
      Tartarus |   4032 |   3932 |    100 |    310 |   2333 |   7 |  576.0 |
           Zot |   5894 |   5341 |    553 |    466 |   3597 |   5 | 1178.8 |
         Abyss |   1308 |   1308 |      0 |      2 |    302 |   4 |  327.0 |
   Pandemonium |  11265 |  11265 |      0 |   1708 |   3669 |  16 |  704.1 |
         Trove |     92 |     92 |      0 |      0 |      0 |   1 |   92.0 |
         Sewer |     95 |     95 |      0 |      0 |     45 |   1 |   95.0 |
      Ice Cave |    106 |    106 |      0 |      0 |     31 |   1 |  106.0 |
    Desolation |   1520 |   1520 |      0 |     48 |    872 |   1 | 1520.0 |
               +--------+--------+--------+--------+--------+-----+--------+

Top non-repeatable levels by time:
  Lair:4: 3488 daAuts
   Orc:1: 3334 daAuts
   Tar:7: 2688 daAuts
  Tomb:1: 2671 daAuts
  Lair:3: 2665 daAuts
    D:13: 2626 daAuts
  Lair:1: 2576 daAuts
Depths:2: 2214 daAuts
    D:10: 2167 daAuts
     D:7: 2162 daAuts
  Lair:5: 2110 daAuts
Vaults:1: 2064 daAuts
 Crypt:3: 2046 daAuts
    D:11: 1994 daAuts
     D:9: 1883 daAuts
